AoeStats
← [DasRotePferd] Melkfett Jizzus

Golden Pit

509218671Analyzed
1v1 RM · 7d ago on Sep 25, 2026· 82m 11s· 2 players
Game mode
Random Map
Map size
Tiny (2 player)
Population
200
Speed
Normal
Resources
Standard
Victory
Conquest
Starting age
Dark Age
Ending age
Imperial Age
RankedLock teamsTeams togetherTeam positionsShared explorationLock speedFull tech treeHidden civsTurbo modeCheats
Victory
Defeat
🇦🇷 Vietnamese · Argentina
620
+15
598
-15
[DasRotePferd] Melkfett Jizzus
3:50 Double-Bit Axe
3:54 Loom
8:44 Horse Collar
9:17 Gold Mining
11:06 Wheelbarrow
17:18 Feudal Age
18:10 Bow Saw
18:03 Heavy Plow
18:47 Gold Shaft Mining
20:22 Hand Cart
25:34 Forging
25:40 Scale Barding Armor
31:04 Castle Age
31:30 Crossbowman
33:11 Crop Rotation
33:44 Two-Man Saw
33:10 Husbandry
32:32 Light Cavalry
34:28 Iron Casting
38:03 Cavalier
38:49 Scale Mail Armor
39:10 Chain Barding Armor
38:41 Fletching
44:52 Chain Mail Armor
44:38 Padded Archer Armor
44:33 Bodkin Arrow
44:26 Pikeman
53:59 Burgundian Vineyards
61:49 Imperial Age
63:35 Blast Furnace
63:06 Plate Mail Armor
63:11 Plate Barding Armor
62:52 Leather Archer Armor
62:37 Bracer
62:13 Hussar
62:17 Elite Skirmisher
70:43 Conscription
Murdok
10:10 Feudal Age
11:26 Double-Bit Axe
11:23 Horse Collar
17:33 Loom
18:23 Wheelbarrow
17:34 Town Watch
25:28 Castle Age
23:26 Fletching
23:37 Padded Archer Armor
23:48 Forging
23:38 Scale Mail Armor
25:47 Bloodlines
26:30 Thumb Ring
27:36 Squires
27:56 Husbandry
29:30 Bow Saw
29:22 Heavy Plow
29:16 Gold Mining
29:17 Stone Mining
29:00 Crossbowman
32:24 Elite Skirmisher
40:15 Hand Cart
40:00 Town Patrol
45:46 Stone Shaft Mining
48:20 Imperial Age
47:22 Bodkin Arrow
47:42 Leather Archer Armor
48:04 Iron Casting
47:35 Scale Barding Armor
49:01 Elite Battle Elephant
49:05 Imperial Skirmisher
51:14 Ring Archer Armor
50:46 Bracer
51:41 Chatras
54:40 Paper Money
56:05 Two-Man Saw
55:55 Crop Rotation
57:34 Chain Barding Armor
61:06 Elite Fire Lancer
61:32 Arson
70:12 Chemistry
69:32 Ballistics
69:18 Siege Engineers
Connection lost

Rejoining the realm…

Still unreachable

The connection could not be restored.

Session expired

The server has moved on; the page needs a fresh start.